TOP OF THE 1ST |
Omaha Storm Chasers batting - Pitching for Fresno Grizzlies : RHP Chad Curry
|
Pitching: RHP Chad Curry
|
|
Batting: RHB Yuichi Takata
|
0-0: Fly out, F9 (Line Drive, 89M, EV 96.2 MPH)
|
Batting: RHB Nick Ogle
|
0-0: Foul Ball, location: 2F 0-1: Ball 1-1: Ball 2-1: Ball 3-1: Swinging Strike 3-2: Ground out 6-3 (Groundball, 6, EV 87.5 MPH)
|
Batting: LHB Roman Downey
|
0-0: Ball 1-0: Ball 2-0: Ball 3-0: Called Strike 3-1: Foul Ball, location: 2F 3-2: Strikes out swinging
|
Top of the 1st over - 0 runs, 0 hits, 0 errors, 0 left on base; Omaha 0 - Fresno 0 |
BOTTOM OF THE 1ST |
Fresno Grizzlies batting - Pitching for Omaha Storm Chasers : RHP Nick Harmon
|
Pitching: RHP Nick Harmon
|
|
Batting: LHB Bob Myers
|
0-0: Called Strike 0-1: Ground out 6-3 (Groundball, 6, EV 106.9 MPH)
|
Batting: LHB Chris Cabrera
|
0-0: Ball 1-0: Ground out 6-3 (Groundball, 6, EV 81.2 MPH)
|
Batting: LHB Mike Davis
|
0-0: Ball 1-0: Ball 2-0: SINGLE (Flyball, 34D, EV 91.2 MPH)
|
Batting: SHB Nate Kopchak
|
0-0: Ball Mike Davis is caught stealing 2nd base 2-6
|
Bottom of the 1st over - 0 runs, 1 hit, 0 errors, 0 left on base; Omaha 0 - Fresno 0 |
TOP OF THE 2ND |
Omaha Storm Chasers batting - Pitching for Fresno Grizzlies : RHP Chad Curry
|
Batting: LHB Justin Rupert
|
0-0: Called Strike 0-1: Ball 1-1: Called Strike 1-2: Ball 2-2: Strikes out looking
|
Batting: RHB Muneer Maudad
|
0-0: Ball 1-0: Ball 2-0: Foul Ball, location: 2F 2-1: Foul Ball, location: 2F 2-2: Fly out, F9 (Flyball, 9, EV 76.9 MPH)
|
Batting: RHB Bob Najar
|
0-0: Foul Ball, location: 2F 0-1: Ball 1-1: Foul Ball, location: 2F 1-2: Foul Ball, location: 2F 1-2: Ground out 4-3 (Groundball, 4, EV 83.1 MPH)
|
Top of the 2nd over - 0 runs, 0 hits, 0 errors, 0 left on base; Omaha 0 - Fresno 0 |
BOTTOM OF THE 2ND |
Fresno Grizzlies batting - Pitching for Omaha Storm Chasers : RHP Nick Harmon
|
Batting: SHB Nate Kopchak
|
0-0: Ball 1-0: Ball 2-0: Called Strike 2-1: Fly out, F8 (Line Drive, 8LD, EV 93.1 MPH)
|
Batting: SHB Troy Kenyon
|
0-0: Swinging Strike 0-1: Foul Ball, location: 2F 0-2: Ball 1-2: Ball 2-2: Strikes out looking
|
Batting: LHB Doug Anderson
|
0-0: Ball 1-0: Ball 2-0: Called Strike 2-1: Swinging Strike 2-2: Strikes out looking
|
Bottom of the 2nd over - 0 runs, 0 hits, 0 errors, 0 left on base; Omaha 0 - Fresno 0 |
TOP OF THE 3RD |
Omaha Storm Chasers batting - Pitching for Fresno Grizzlies : RHP Chad Curry
|
Batting: RHB Mikolas Markus
|
0-0: Foul Ball, location: 2F 0-1: Foul Ball, location: 2F 0-2: Ball 1-2: Foul Ball, location: 2F 1-2: Ball 2-2: SINGLE (Flyball, 78M, EV 86.9 MPH)
|
Batting: RHB Matt Belgard
|
0-0: Fly out, F9 (Line Drive, 9D, EV 91.9 MPH)
|
Batting: LHB Ricardo Pagan
|
0-0: Ball 1-0: Ball 2-0: Swinging Strike 2-1: Ball 3-1: SINGLE (Groundball, 4MS, EV 61.9 MPH) (infield hit) Mikolas Markus to second
|
Batting: RHB Yuichi Takata
|
0-0: Called Strike 0-1: Foul Ball, location: 2F 0-2: Strikes out swinging
|
Batting: RHB Nick Ogle
|
0-0: Called Strike 0-1: Ball 1-1: Ball 2-1: Foul Ball, location: 2F 2-2: Strikes out swinging
|
Top of the 3rd over - 0 runs, 2 hits, 0 errors, 2 left on base; Omaha 0 - Fresno 0 |
BOTTOM OF THE 3RD |
Fresno Grizzlies batting - Pitching for Omaha Storm Chasers : RHP Nick Harmon
|
Batting: LHB Daniel Lopez
|
0-0: Foul Ball, location: 2F 0-1: Called Strike 0-2: Fly out, F7 (Line Drive, 78M, EV 100.0 MPH)
|
Batting: LHB Vinny Siebecker
|
0-0: Foul Ball, location: 2F 0-1: SINGLE (Groundball, 5S, EV 65.6 MPH) (infield hit)
|
Batting: RHB Raul Sanchez
|
0-0: SINGLE (Groundball, 6MD, EV 100.6 MPH) Vinny Siebecker to second Runner from 2nd tries for 3rd, SAFE, throw by CF made to third
|
Batting: LHB Bob Myers
|
0-0: Ball 1-0: Swinging Strike 1-1: Swinging Strike 1-2: Foul Ball, location: 2F 1-2: Ball 2-2: Ball 3-2: Strikes out swinging
|
Batting: LHB Chris Cabrera
|
0-0: Ball 1-0: Ball 2-0: Ball 3-0: Base on Balls Raul Sanchez to second
|
Batting: LHB Mike Davis
|
0-0: Called Strike 0-1: Ball 1-1: Fly out, F9 (Line Drive, 9, EV 85.0 MPH)
|
Bottom of the 3rd over - 0 runs, 2 hits, 0 errors, 3 left on base; Omaha 0 - Fresno 0 |
TOP OF THE 4TH |
Omaha Storm Chasers batting - Pitching for Fresno Grizzlies : RHP Chad Curry
|
Batting: LHB Roman Downey
|
0-0: Called Strike 0-1: Swinging Strike 0-2: Strikes out swinging
|
Batting: LHB Justin Rupert
|
0-0: Ball 1-0: Ground out 4-3 (Groundball, 4, EV 86.9 MPH)
|
Batting: RHB Muneer Maudad
|
0-0: SINGLE (Groundball, 3L, EV 86.9 MPH) (infield hit)
|
Batting: RHB Bob Najar
|
0-0: Ball 1-0: Ball 2-0: Called Strike 2-1: Ground out 4-3 (Groundball, 4, EV 90.0 MPH)
|
Top of the 4th over - 0 runs, 1 hit, 0 errors, 1 left on base; Omaha 0 - Fresno 0 |
BOTTOM OF THE 4TH |
Fresno Grizzlies batting - Pitching for Omaha Storm Chasers : RHP Nick Harmon
|
Batting: SHB Nate Kopchak
|
0-0: Ball 1-0: Ground out 5-3 (Groundball, 5, EV 85.6 MPH)
|
Batting: SHB Troy Kenyon
|
0-0: Ball 1-0: Ball 2-0: Ground out U3 (Groundball, 3, EV 81.9 MPH)
|
Batting: LHB Doug Anderson
|
0-0: Ball 1-0: Foul Ball, location: 2F 1-1: Ball 2-1: Swinging Strike 2-2: Ground out 3-1 (Groundball, 34S, EV 81.2 MPH)
|
Bottom of the 4th over - 0 runs, 0 hits, 0 errors, 0 left on base; Omaha 0 - Fresno 0 |
TOP OF THE 5TH |
Omaha Storm Chasers batting - Pitching for Fresno Grizzlies : RHP Chad Curry
|
Batting: RHB Mikolas Markus
|
0-0: Ball 1-0: Ball 2-0: SINGLE (Groundball, 56D, EV 101.2 MPH)
|
Batting: RHB Matt Belgard
|
0-0: Called Strike 0-1: Ball 1-1: Foul Ball, location: 2F 1-2: Fly out, F8 (Flyball, 8LD, EV 102.5 MPH)
|
Batting: LHB Ricardo Pagan
|
0-0: Ball 1-0: Called Strike 1-1: Foul Ball, location: 2F 1-2: Ground out 4-3 (Groundball, 4S, EV 62.5 MPH) Mikolas Markus to second
|
Batting: RHB Yuichi Takata
|
0-0: Foul Ball, location: 2F 0-1: Foul Ball, location: 2F 0-2: Ball 1-2: Strikes out looking
|
Top of the 5th over - 0 runs, 1 hit, 0 errors, 1 left on base; Omaha 0 - Fresno 0 |
BOTTOM OF THE 5TH |
Fresno Grizzlies batting - Pitching for Omaha Storm Chasers : RHP Nick Harmon
|
Batting: LHB Daniel Lopez
|
0-0: Called Strike 0-1: Called Strike 0-2: Ball 1-2: Foul Ball, location: 2F 1-2: Strikes out swinging
|
Batting: LHB Vinny Siebecker
|
0-0: Ball 1-0: Ball 2-0: Called Strike 2-1: Ball 3-1: Foul Ball, location: 2F 3-2: Foul Ball, location: 2F 3-2: Foul Ball, location: 2F 3-2: DOUBLE (Line Drive, 9LS, EV 103.8 MPH)
|
Batting: RHB Raul Sanchez
|
0-0: SINGLE (Line Drive, 34D, EV 106.9 MPH) Vinny Siebecker to third
|
Batting: LHB Bob Myers
|
0-0: Called Strike 0-1: Ball 1-1: 3-RUN HOME RUN (Flyball, 9D, EV 106.9 MPH), Distance : 385 ft
|
Batting: LHB Chris Cabrera
|
0-0: Ball 1-0: Ball 2-0: Called Strike 2-1: Ball 3-1: Base on Balls
|
Batting: LHB Mike Davis
|
0-0: Ball 1-0: Hit by Pitch Chris Cabrera to second
|
Batting: SHB Nate Kopchak
|
0-0: Called Strike 0-1: Ground out U3 (Groundball, 3S, EV 68.8 MPH) Chris Cabrera to third Mike Davis to second
|
Batting: SHB Troy Kenyon
|
0-0: Ball 1-0: Foul Ball, location: 2F 1-1: SINGLE (Line Drive, 89S, EV 104.4 MPH) Chris Cabrera scores Mike Davis to third Runner from 3rd tries for Home, SAFE, throw by RF to home
|
Pitching: RHP Elijah Lewis
|
|
Batting: LHB Doug Anderson
|
0-0: Ball 1-0: Called Strike 1-1: Foul Ball, location: 2F 1-2: Foul Ball, location: 2F 1-2: Fielders Choice at 2nd, 6-4 (Groundball, 6, EV 83.1 MPH)
|
Bottom of the 5th over - 5 runs, 4 hits, 0 errors, 1 left on base; Omaha 0 - Fresno 5 |
TOP OF THE 6TH |
Omaha Storm Chasers batting - Pitching for Fresno Grizzlies : RHP Chad Curry
|
Batting: RHB Nick Ogle
|
0-0: Called Strike 0-1: Foul Ball, location: 2F 0-2: Strikes out swinging
|
Batting: LHB Roman Downey
|
0-0: Swinging Strike 0-1: Swinging Strike 0-2: DOUBLE (Line Drive, 9LS, EV 112.5 MPH)
|
Batting: LHB Justin Rupert
|
0-0: Ball 1-0: Called Strike 1-1: Ball 2-1: Ball 3-1: Foul Ball, location: 2F 3-2: Foul Ball, location: 2F 3-2: Foul Ball, location: 2F 3-2: Base on Balls
|
Batting: RHB Muneer Maudad
|
0-0: Called Strike 0-1: Called Strike 0-2: Ball 1-2: Strikes out swinging
|
Batting: RHB Bob Najar
|
0-0: Ball 1-0: Foul Ball, location: 2F 1-1: Called Strike 1-2: SINGLE (Groundball, 34D, EV 95.6 MPH) Roman Downey to third Justin Rupert to second
|
Pitching: RHP Brett Kitchen
|
|
Batting: RHB Mikolas Markus
|
0-0: Ball 1-0: Foul Ball, location: 2F 1-1: Ball 2-1: Fielders Choice at 2nd, 5-4 (Groundball, 56, EV 89.4 MPH)
|
Top of the 6th over - 0 runs, 2 hits, 0 errors, 3 left on base; Omaha 0 - Fresno 5 |
BOTTOM OF THE 6TH |
Fresno Grizzlies batting - Pitching for Omaha Storm Chasers : RHP Elijah Lewis
|
Batting: LHB Daniel Lopez
|
0-0: Ball 1-0: Ball 2-0: Foul Ball, location: 2F 2-1: Ball 3-1: Foul Ball, location: 2F 3-2: Strikes out swinging
|
Batting: LHB Vinny Siebecker
|
0-0: Ball 1-0: Ball 2-0: Called Strike 2-1: Ball 3-1: Fly out, F8 (Line Drive, 8RM, EV 92.5 MPH)
|
Batting: RHB Raul Sanchez
|
0-0: Swinging Strike 0-1: Foul Ball, location: 2F 0-2: Foul Ball, location: 2F 0-2: Strikes out looking
|
Bottom of the 6th over - 0 runs, 0 hits, 0 errors, 0 left on base; Omaha 0 - Fresno 5 |
TOP OF THE 7TH |
Omaha Storm Chasers batting - Pitching for Fresno Grizzlies : RHP Brett Kitchen
|
Batting: RHB Matt Belgard
|
0-0: Ball 1-0: Called Strike 1-1: DOUBLE (Line Drive, 78D, EV 108.8 MPH)
|
Batting: LHB Ricardo Pagan
|
0-0: Called Strike 0-1: Ball 1-1: Ball 2-1: Ball 3-1: Base on Balls
|
Batting: RHB Yuichi Takata
|
0-0: 3-RUN HOME RUN (Line Drive, 7LD, EV 92.5 MPH), Distance : 355 ft
|
Pitching: RHP Michael Bruce
|
|
Batting: RHB Nick Ogle
|
0-0: Called Strike 0-1: Fly out, F8 (Flyball, 8LD, EV 96.9 MPH)
|
Batting: LHB Roman Downey
|
0-0: Called Strike 0-1: Called Strike 0-2: Ball 1-2: Ball 2-2: Foul Ball, location: 2F 2-2: Foul Ball, location: 2F 2-2: SINGLE (Groundball, 56S, EV 71.2 MPH) (infield hit)
|
Batting: LHB Justin Rupert
|
0-0: Ball 1-0: Swinging Strike Roman Downey is caught stealing 2nd base 2-6 1-1: Ground out 3-1 (Groundball, 34S, EV 78.1 MPH)
|
Top of the 7th over - 3 runs, 3 hits, 0 errors, 0 left on base; Omaha 3 - Fresno 5 |
BOTTOM OF THE 7TH |
Fresno Grizzlies batting - Pitching for Omaha Storm Chasers : RHP Elijah Lewis
|
Batting: LHB Bob Myers
|
0-0: Called Strike 0-1: Ball 1-1: Called Strike 1-2: SINGLE (Line Drive, 7S, EV 96.9 MPH)
|
Batting: LHB Chris Cabrera
|
0-0: Ball 1-0: Called Strike 1-1: Called Strike 1-2: Foul Ball, location: 2F 1-2: Foul Ball, location: 2F 1-2: Foul Ball, location: 2F 1-2: Fielders Choice at 2nd, 5-4 (Groundball, 5, EV 82.5 MPH)
|
Batting: LHB Mike Davis
|
0-0: Ball 1-0: Called Strike 1-1: Swinging Strike 1-2: Ball 2-2: Foul Ball, location: 2F 2-2: SINGLE (Line Drive, 6D, EV 97.5 MPH) Chris Cabrera to second
|
Batting: SHB Nate Kopchak
|
0-0: Ball 1-0: Ball 2-0: Called Strike 2-1: Swinging Strike 2-2: Strikes out looking
|
Batting: SHB Troy Kenyon
|
0-0: Called Strike 0-1: Ball 1-1: Swinging Strike 1-2: Foul Ball, location: 2F 1-2: Ground out U3 (Groundball, 3S, EV 77.5 MPH)
|
Bottom of the 7th over - 0 runs, 2 hits, 0 errors, 2 left on base; Omaha 3 - Fresno 5 |
TOP OF THE 8TH |
Omaha Storm Chasers batting - Pitching for Fresno Grizzlies : RHP Michael Bruce
|
Batting: RHB Muneer Maudad
|
0-0: Ball 1-0: Called Strike 1-1: Swinging Strike 1-2: Strikes out swinging
|
Batting: RHB Bob Najar
|
0-0: Foul Ball, location: 2F 0-1: Ball 1-1: Ball 2-1: Ball 3-1: Foul Ball, location: 2F 3-2: Ground out 4-3 (Groundball, 4, EV 102.5 MPH)
|
Batting: RHB Mikolas Markus
|
0-0: Foul Ball, location: 2F 0-1: Foul Ball, location: 2F 0-2: Ball 1-2: Ball 2-2: Fly out, F8 (Flyball, 89D, EV 105.0 MPH)
|
Top of the 8th over - 0 runs, 0 hits, 0 errors, 0 left on base; Omaha 3 - Fresno 5 |
BOTTOM OF THE 8TH |
Fresno Grizzlies batting - Pitching for Omaha Storm Chasers : RHP Elijah Lewis
|
Pitching: LHP Cody Coward
|
|
Batting: LHB Doug Anderson
|
0-0: Ball 1-0: Ball 2-0: Called Strike 2-1: Foul Ball, location: 2F 2-2: Ball 3-2: Strikes out swinging
|
Batting: LHB Daniel Lopez
|
0-0: Ball 1-0: Ball 2-0: Ball 3-0: Base on Balls
|
Batting: LHB Vinny Siebecker
|
0-0: Ball 1-0: Ball 2-0: Swinging Strike 2-1: 2-RUN HOME RUN (Flyball, 89XD, EV 100.6 MPH), Distance : 400 ft
|
Batting: RHB Raul Sanchez
|
0-0: Ball 1-0: SINGLE (Line Drive, 89M, EV 101.9 MPH)
|
Batting: LHB Bob Myers
|
0-0: Called Strike 0-1: Foul Ball, location: 2F 0-2: Ball 1-2: Ball 2-2: Foul Ball, location: 2F 2-2: Ball 3-2: Foul Ball, location: 2F 3-2: SINGLE (Groundball, 34D, EV 100.6 MPH) Raul Sanchez to second Runner from 2nd tries for 3rd, SAFE, throw by RF made to third
|
Batting: LHB Chris Cabrera
|
0-0: Ball Bob Myers is caught stealing 2nd base 2-6 1-0: Ball 2-0: Swinging Strike 2-1: SINGLE (Groundball, 56D, EV 99.4 MPH) Raul Sanchez scores
|
Pitching: RHP Lionardo Rabelo
|
|
Batting: LHB Mike Davis
|
0-0: Ball 1-0: Ball 2-0: Ball 3-0: Base on Balls Chris Cabrera to second
|
Batting: SHB Nate Kopchak
|
0-0: Called Strike 0-1: Foul Ball, location: 2F 0-2: Ball 1-2: Strikes out swinging
|
Bottom of the 8th over - 3 runs, 4 hits, 0 errors, 2 left on base; Omaha 3 - Fresno 8 |
TOP OF THE 9TH |
Omaha Storm Chasers batting - Pitching for Fresno Grizzlies : RHP Michael Bruce
|
Batting: RHB Matt Belgard
|
0-0: Called Strike 0-1: Foul Ball, location: 2F 0-2: SOLO HOME RUN (Flyball, 7D, EV 95.6 MPH), Distance : 375 ft
|
Batting: LHB Ricardo Pagan
|
0-0: Ball 1-0: Ball 2-0: Ball 3-0: Base on Balls
|
Batting: RHB Yuichi Takata
|
0-0: Foul Ball, location: 2F 0-1: Ball 1-1: Ball 2-1: Ball 3-1: Base on Balls Ricardo Pagan to second
|
Pitching: LHP Chad Dominey
|
|
Batting: RHB Nick Ogle
|
0-0: Ball 1-0: Foul Ball, location: 2F 1-1: Ball 2-1: Ball 3-1: Foul Ball, location: 2F 3-2: Strikes out swinging
|
Batting: LHB Roman Downey
|
0-0: Foul Ball, location: 2F 0-1: Called Strike 0-2: Strikes out looking
|
Batting: LHB Justin Rupert
|
0-0: Ground out 4-3 (Groundball, 4, EV 100.0 MPH)
|
Top of the 9th over - 1 run, 1 hit, 0 errors, 2 left on base; Omaha 4 - Fresno 8 |
|